Map: Ephemeron LE

Players

KrauZ - Winner!

  • Race: Zerg Zerg
  • League: Diamond
  • Spawn Location: 5:00

Mez

  • Race: Terran Terran
  • League: Master
  • Spawn Location: 11:00

VOD

Have the link to the VOD?

Description

Time

  • Played on: Aug. 29, 2019, 11:33 p.m.
  • Length: 12:35
Show
View Real Time Build Order
Export as new Build Order

KrauZ Zerg - Winner!

Build Orders: Hatch First, Muta Ling Bane 

Get SALT Encoding   

  12  0:00  Drone  
  13  0:12  Overlord  
  13  0:17  Drone  
  14  0:30  Drone x2  
  16  0:49  Hatchery  
  15  0:53  Drone  
  15  0:56  Drone  
  17  1:00  Drone  
  18  1:10  Extractor  
  17  1:16  Spawning Pool  
  16  1:18  Drone  
  16  1:22  Drone  
  18  1:28  Drone  
  19  1:39  Drone  
  20  1:51  Overlord  
  20  2:02  Queen  
  20  2:03  Queen, Zergling x2  
  20  2:04  Zergling x2  
  26  2:13  Drone x2  
  28  2:25  Drone x2  
  30  2:35  Drone  
  30  2:36  Drone  
  32  2:38  Pneumatized Carapace  
  32  2:45  Drone  
  32  2:46  Overlord  
  33  2:55  Hatchery  
  33  2:57  Queen  
  34  3:01  Metabolic Boost  
  34  3:04  Drone  
  35  3:09  Drone  
  35  3:12  Drone  
  37  3:16  Drone x3  
  37  3:17  Drone  
  41  3:22  Overlord  
  41  3:30  Drone  
  42  3:36  Queen  
  42  3:39  Overlord  
  44  3:43  Drone x2  
  44  3:44  Drone x3  
  49  3:53  Lair  
  49  3:54  Drone  
  50  3:59  Zergling x6  
  53  4:05  Overlord  
  53  4:12  Queen  
  55  4:24  Queen, Drone x7  
  56  4:25  Overlord  
  62  4:33  Zergling x8  
  66  4:42  Zergling x4  
  66  4:45  Spore Crawler, Baneling Nest  
  67  4:47  Spore Crawler  
  65  4:52  Queen  
  65  4:57  Drone  
  65  4:58  Drone x2  
  65  4:59  Drone x5  
  75  5:03  Queen  
  77  5:09  Drone  
  77  5:10  Extractor  
  77  5:12  Evolution Chamber x2  
  75  5:15  Drone  
  75  5:16  Drone x2  
  78  5:32  Drone x2  
  78  5:33  Centrifical Hooks, Extractor  
  78  5:34  Extractor  
  78  5:37  Drone x2  
  78  5:38  Zerg Melee Weapons Level 1  
  78  5:41  Extractor, Drone  
  78  5:42  Extractor  
  79  5:46  Spore Crawler  
  79  5:48  Drone x2  
  79  5:49  Drone  
  80  5:56  Zerg Ground Armor Level 1  
  80  5:57  Drone  
  80  5:58  Drone  
  80  5:59  Overlord x3  
  80  6:01  Overlord x2  
  80  6:03  Baneling x3  
  82  6:16  Overlord x2  
  82  6:20  Hatchery, Drone x3  
  82  6:21  Drone  
  82  6:22  Drone  
  82  6:23  Drone x3  
  82  6:24  Drone  
  90  6:28  Drone  
  90  6:29  Overlord  
  90  6:32  Zergling x2  
  92  6:35  Spire  
  91  6:43  Zergling x16  
  91  6:44  Baneling  
  91  6:45  Baneling x6  
  99  6:51  Overlord  
  99  6:53  Zergling x8  
  102  7:05  Zergling x2  
  102  7:06  Zergling x10  
  104  7:08  Baneling x4  
  104  7:09  Baneling x2  
  102  7:22  Zergling x8  
  100  7:23  Hatchery  
  98  7:35  Drone x3  
  98  7:36  Drone x3  
  102  7:45  Drone  
  102  7:47  Overlord, Drone x3  
  102  7:48  Zerg Flyer Weapons Level 1  
  106  7:57  Zergling x4  
  106  7:59  Zerg Melee Weapons Level 2, Zerg Ground Armor Level 2  
  106  8:02  Hatchery  
  102  8:10  Baneling  
  102  8:21  Mutalisk x8  
  102  8:23  Zergling x6  
  102  8:24  Zergling x4  
  102  8:27  Overlord  
  123  8:29  Overlord  
  123  8:37  Extractor  
  123  8:40  Extractor  
  121  8:45  Mutalisk x4  
  129  8:52  Infestation Pit  
  129  8:53  Drone x4  
  129  8:54  Overlord x2, Drone x2  
  135  8:55  Baneling  
  135  8:58  Hatchery  
  135  9:00  Zergling x10  
  139  9:07  Zergling x2  
  139  9:08  Zergling x8  
  141  9:13  Zergling x2  
  141  9:14  Zergling x8  
  141  9:22  Mutalisk  
  141  9:23  Mutalisk x4  
  142  9:26  Zergling x6  
  134  9:32  Zergling x6  
  134  9:38  Baneling x11  
  136  9:51  Zergling x4  
  136  9:52  Zergling x12  
  144  9:54  Baneling x5  
  144  10:03  Queen  
  146  10:09  Hive  
  146  10:10  Zergling x20  
  146  10:12  Baneling  
  146  10:13  Extractor, Baneling x3  
  155  10:15  Extractor  
  155  10:20  Zergling x8  
  155  10:21  Zergling x2  
  157  10:31  Zergling x14  
  162  10:38  Zergling x2  
  162  10:39  Zergling x8  
  164  10:48  Zergling x2  
  164  10:49  Zergling x8  
  150  11:04  Zergling x12  
  150  11:05  Zergling x16  
  160  11:13  Drone x3  
  160  11:14  Drone  
  160  11:16  Drone x2  
  162  11:38  Drone x5  
  154  12:00  Ultralisk Cavern  
  142  12:04  Mutalisk x7  
  142  12:05  Mutalisk, Hatchery  
  155  12:13  Zergling x16  
Show
View Real Time Build Order
Export as new Build Order

Mez Terran 

Build Orders: Liberator Opening, Reaper Expand 

Get SALT Encoding   

  12  0:00  SCV  
  13  0:12  SCV  
  14  0:22  Supply Depot  
  14  0:26  SCV  
  15  0:43  SCV  
  15  0:46  Barracks  
  15  0:49  Refinery  
  16  0:55  SCV  
  17  1:08  SCV  
  18  1:20  SCV  
  19  1:33  Orbital Command, Reaper  
  20  1:47  Command Center  
  20  1:55  Supply Depot  
  20  1:59  SCV  
  21  2:05  Marine  
  22  2:14  SCV  
  23  2:18  Factory  
  23  2:22  Refinery  
  23  2:26  SCV, Barracks Reactor  
  24  2:38  SCV  
  24  2:50  SCV  
  24  2:59  Orbital Command  
  24  3:05  Starport  
  24  3:15  SCV, Starport  
  24  3:16  Hellion x2  
  29  3:21  Supply Depot  
  29  3:22  Barracks Tech Lab  
  29  3:25  SCV  
  30  3:27  SCV  
  31  3:34  Liberator  
  31  3:37  SCV  
  31  3:39  SCV, Hellion x2  
  37  3:50  SCV  
  37  3:51  SCV  
  37  3:54  Marine  
  43  4:02  SCV  
  48  4:03  SCV, Hellion x2  
  48  4:06  Supply Depot  
  49  4:14  SCV  
  49  4:15  SCV  
  50  4:22  Marine  
  51  4:34  SCV x2  
  51  4:37  Command Center  
  53  4:42  Marine  
  54  4:45  Starport Reactor  
  54  4:46  Barracks, Factory Reactor  
  54  4:49  Barracks  
  54  4:52  SCV x2, Supply Depot  
  56  4:56  Stimpack  
  56  5:00  Marine  
  56  5:04  SCV  
  58  5:14  SCV  
  58  5:17  Engineering Bay  
  58  5:18  Marine, Refinery  
  58  5:19  Refinery, Engineering Bay  
  60  5:23  SCV  
  60  5:26  SCV  
  62  5:30  Medivac x2  
  64  5:35  Marine  
  64  5:36  Factory Tech Lab  
  64  5:38  SCV  
  64  5:39  SCV  
  64  5:41  Marine x2  
  69  5:53  Orbital Command  
  69  5:56  Marine x2  
  69  5:57  Marine, Supply Depot  
  71  5:59  Marine x2, Siege Tank  
  71  6:01  Terran Infantry Armor Level 1, Terran Infantry Weapons Level 1  
  71  6:03  SCV  
  78  6:12  SCV  
  78  6:14  Marine  
  78  6:15  SCV  
  81  6:22  Orbital Command  
  81  6:24  SCV  
  82  6:27  SCV  
  82  6:28  Marine x2  
  82  6:29  Marine x2  
  82  6:32  Marine, Siege Tank  
  91  6:33  Medivac  
  91  6:36  Combat Shield  
  91  6:38  Supply Depot  
  93  6:41  Supply Depot  
  93  6:42  Medivac  
  95  6:48  SCV x2, Barracks  
  95  6:49  Barracks  
  97  6:59  Marine  
  97  7:00  Marine x4  
  102  7:06  SCV x2  
  104  7:17  Marine  
  104  7:19  Marine x4  
  109  7:23  SCV x3  
  109  7:24  Armory  
  111  7:32  Siege Tank, Medivac  
  111  7:33  Medivac  
  111  7:35  Marine, SCV x2  
  111  7:36  Marine  
  119  7:39  Marine x2, Barracks Reactor x2  
  119  7:43  Supply Depot  
  122  7:45  Supply Depot  
  122  8:03  Marine x2  
  122  8:04  Marine x3  
  122  8:05  Siege Tank, Medivac x2  
  126  8:06  SCV x3  
  126  8:10  Supply Depot  
  129  8:20  Supply Depot  
  129  8:21  Marine x2  
  131  8:28  Marine x3  
  131  8:29  Marine x4  
  131  8:33  SCV x2  
  131  8:34  SCV  
  141  8:39  Marine x2  
  141  8:41  Siege Tank, Medivac  
  146  8:42  Medivac  
  146  8:44  Refinery  
  146  8:45  SCV x2, Refinery  
  146  8:46  Marine, Supply Depot  
  152  8:54  Terran Infantry Armor Level 2, Terran Infantry Weapons Level 2  
  150  9:03  Marine x7  
  150  9:08  Marine x2  
  159  9:10  Supply Depot  
  159  9:13  Siege Tank  
  159  9:15  Supply Depot  
  159  9:21  Marine x6  
  159  9:22  Marine  
  157  9:26  Marine  
  141  9:34  Marine  
  137  9:38  Marine  
  137  9:39  Marine, Barracks  
  137  9:40  Command Center, Barracks  
  137  9:41  Barracks  
  137  9:44  Factory, Missile Turret  
  137  9:45  Siege Tank  
  142  9:47  Missile Turret  
  142  9:55  Supply Depot  
  142  9:56  SCV  
  142  9:57  SCV, Supply Depot  
  144  10:00  Missile Turret  
  144  10:07  SCV  
  144  10:09  SCV x2  
  147  10:17  Marine x2  
  149  10:22  Supply Depot  
  149  10:23  Marine x4  
  149  10:24  Thor  
  150  10:36  Factory Reactor  
  150  10:37  Marine x5  
  150  10:39  Marine x2  
  130  10:57  Marine x3  
  130  10:58  Marine x3  
  115  11:07  Thor  
  115  11:10  Marine x4  
  115  11:11  Marine  
  115  11:13  SCV  
  115  11:15  Marine  
  114  11:20  Widow Mine  
  114  11:21  Widow Mine  
  113  11:27  Missile Turret  
  113  11:29  SCV  
  113  11:30  SCV x2  
  77  11:57  Marine x6  
  77  11:58  Marine x5  
  83  12:15  Marine x3  
Tags
 
Add a new tag
Caveats
  • Supply blocks, unpowered buildings, or Contaminate may cause inaccurate times.
  • Supply counts are checked every 10 seconds.